 Dungeon Crawl Stone Soup version 0.29-a0-1065-g47a6bb87d6 (webtiles) character file.

Game seed: 11334464343301453406

26 jlumianski the Chopper (level 2, -1/22 HPs)
             Began as a Demonspawn Gladiator on Aug 18, 2022.
             Slain by a scorpion (3 damage)
             ... on level 1 of the Dungeon.
             The game lasted 00:03:19 (1440 turns).

jlumianski the Chopper (Demonspawn Gladiator)       Turns: 1440, Time: 00:03:20

Health: -1/22      AC:  4    Str: 14    XL:     2   Next: 89%
Magic:  2/2        EV: 12    Int:  9    God:
Gold:   43         SH:  4    Dex: 14    Spells: 1/1 levels left

rFire   . . .      SeeInvis .   a - +0 war axe
rCold   . . .      Faith    .   (no shield)
rNeg    . . .      Spirit   .   b - +0 leather armour
rPois   .          Reflect  .   c - +0 helmet
rElec   .          Harm     .   (no cloak)
rCorr   .          Rampage  .   (no gloves)
Will    .....                   (no boots)
Stlth   +.........              (no amulet)
HPRegen 0.07/turn               (no ring)
MPRegen 0.08/turn               (no ring)

@: no status effects
A: condensation shield
a: no special abilities


You were on level 1 of the Dungeon.
You visited 1 branch of the dungeon, and saw 2 of its levels.

You collected 43 gold pieces.

Inventory:

Hand Weapons
 a - a +0 war axe (weapon)
Missiles
 d - 3 throwing nets (quivered)
 e - a javelin
 h - 14 stones
Armour
 b - a +0 leather armour (worn)
 c - a +0 helmet (worn)
Scrolls
 g - 3 scrolls of identify {unknown}
 i - a scroll of blinking {unknown}
 j - a scroll of teleportation {unknown}
 k - a scroll of butterflies {unknown}
Potions
 f - a potion of resistance {unknown}


   Skills:
 + Level 2.3 Fighting
 + Level 3.1 Axes
 + Level 1.8 Throwing
 + Level 0.1 Armour
 + Level 3.0 Dodging
 + Level 0.5 Stealth
 + Level 0.1 Shields


You had one spell level left.
You didn't know any spells.
Your spell library was empty.

Dungeon Overview and Level Annotations

Branches:
Dungeon (2/15)

Altars:


Innate Abilities, Weirdness & Mutations

A meltable shield of frost defends you. (SH +4)


Message History

You climb downwards.
The scorpion stings you. You block the endoplasm's attack.
The scorpion stings you but does no damage.
The endoplasm hits you.
There is a stone staircase leading up here.
The scorpion closely misses you. The endoplasm freezes you.
You are frozen.
You climb upwards.
There is a stone staircase leading down here.
You block the scorpion's attack. The scorpion attacks as you move away!
You block the scorpion's attack.
The scorpion stings you but does no damage.
You barely miss the scorpion. The scorpion stings you.
You hit the scorpion.
The scorpion is moderately wounded.
The scorpion barely misses you. You block the scorpion's attack.
You hit the scorpion.
The scorpion is moderately wounded.
The scorpion barely misses you.
You slash the scorpion!
The scorpion is almost dead.
You block the scorpion's attack. The scorpion stings you.
You hit the scorpion but do no damage.
The scorpion is almost dead.
You block the scorpion's attack.
You completely miss the scorpion.
The scorpion is almost dead.
The scorpion stings you. The scorpion closely misses you.
You barely miss the scorpion.
The scorpion is almost dead.
The scorpion stings you.
* * * LOW HITPOINT WARNING * * *
The scorpion misses you.
You hit the scorpion but do no damage.
The scorpion is almost dead.
The scorpion barely misses you.
You hit the scorpion but do no damage.
The scorpion is almost dead.
You block the scorpion's attack. The scorpion stings you.
You die...

........#..######.#..............
...###..##.# ####.##.###....#####
...# #..##.###.............## ##
...###..##.....##..........#####.
........######.............#.....
........# #.##..........#.....
........# #.##..........#.....
...###..# #.###....#'####.....
...# #..# #..@sJ.###..# #.....
...###..# ######.# #.)# #.....
........# #.# #..# #....†
........# #.# #..# #.....
........# #.# #..#######'
######.## #.# #.......... #.# #.#
##.######## #.# #.# #.......# #.#
#.##########.#


You could see a scorpion and an endoplasm.

Vanquished Creatures
  A dart slug (D:1)
  A ball python (D:1)
  2 endoplasms (D:1)
  2 giant cockroaches (D:1)
  3 hobgoblins (D:1)
  A quokka (D:1)
  6 bats (D:1)
  A goblin (D:1)
  4 kobolds (D:1)
  2 rats (D:1)
23 creatures vanquished.

Notes
Turn   | Place    | Note
-------+----------+-------------------------------------------
     0 | D:1      | jlumianski the Demonspawn Gladiator began the quest for the
                  | Orb.
     0 | D:1      | Reached XP level 1. HP: 16/16 MP: 1/1
   521 | D:1      | Gained mutation: A meltable shield of frost defends you.
                  | (SH +4) [demonic ancestry]
   521 | D:1      | Reached XP level 2. HP: 22/22 MP: 2/2
  1314 | D:2      | Noticed a scorpion
  1440 | D:1      | Slain by a scorpion

Illustrated notes

Levels and vault maps discovered:
D:1:      lightli_arrival_boilingwater, layout_basic, kennysheep_boxes
D:2:      layout_rooms, basic_ecumenical_altar, serial_shops, shop_statue,
          minmay_joined_circles

Skill      XL: |  1  2 |
---------------+-------+-----
Axes           | 3 |  3.1
Dodging        | 3 |  3.0
Fighting       | |  2.3
Throwing       | |  1.8
Armour         | |  0.1
Stealth        | |  0.5
Shields        | |  0.1

Action                   || total
-------------------------++-------
Melee: War axe           ||    73
       Punch             ||     1
 Stab: Sleeping          ||     1
Armor: Leather armour    ||    24
Dodge: Dodged            ||    58
Block: Other             ||    16

Table legend: (Time is in decaauts)
 A = Elapsed time spent in this place.
 B = Non-inter-level travel time spent in this place.
 C = Inter-level travel time spent in this place.
 D = Time resting spent in this place.
 E = Time spent auto-exploring this place.
 F = Levels seen in this place.
 G = Mean time per level.
                   A        B        C        D        E       F      G
               +--------+--------+--------+--------+--------+-----+--------+
         Total |   1468 |   1434 |     34 |    253 |    680 |   2 |  734.0 |
       Dungeon |   1468 |   1434 |     34 |    253 |    680 |   2 |  734.0 |
               +--------+--------+--------+--------+--------+-----+--------+

Top non-repeatable levels by time:
     D:1: 1461 daAuts
     D:2: 7 daAuts
